 Dungeon Crawl Stone Soup version 0.31.0 (webtiles) character file.

Game seed: 6351021014598634299

31 qw the Shooter (level 3, -2/21 HPs)
             Began as a Gargoyle Hunter on Jan 19, 2024.
             Slain by a goblin
             ... wielding a +0 dagger
             ... led by Robin
              (4 damage)
             ... on level 2 of the Dungeon.
             The game lasted 00:00:02 (867 turns).

qw the Shooter (Gargoyle Hunter)                     Turns: 867, Time: 00:00:03

Health: -2/21      AC:  9    Str: 20    XL:     3   Next: 22%
Magic:  3/3        EV: 11    Int:  9    God:
Gold:   79         SH:  0    Dex: 15    Spells: 2/2 levels left

rFire   . . .        a - +0 shortbow
rCold   . . .        (shield currently unavailable)
rNeg    + . .        j - +0 ring mail
rPois   inf          (no helmet)
rElec   +            (no cloak)
rCorr   .            (no gloves)
SInv    .            g - +0 pair of boots
Will    .....        (no amulet)
Stlth   +            d - +6 ring of strength
HPRegen 0.23/turn    (no ring)
MPRegen 0.08/turn

%: no passive effects
@: no status effects
A: sickness immunity, AC +3, negative energy resistance 1, electricity
resistance, torment resistance 1, petrification resistance
a: no special abilities


You were on level 2 of the Dungeon.
You visited 1 branch of the dungeon, and saw 2 of its levels.

You collected 79 gold pieces.


Innate Abilities, Weirdness & Mutations

You are immune to sickness and miasma.
Your stone body is resilient. (AC +3)
You are immune to poison.
You resist negative energy. (rN+)
You are resistant to electric shocks. (rElec)
You are resistant to unholy torment.
You are immune to petrification.


   Skills:
 - Level 2.1 Fighting
 + Level 4.8 Ranged Weapons
 - Level 1.0 Armour
 - Level 1.5 Dodging
 - Level 1.1 Stealth


You had 2 spell levels left.
You didn't know any spells.
Your spell library was empty.

Inventory:

Hand Weapons
 a - a +0 shortbow (weapon)
Armour
 g - a +0 pair of boots (worn)
 j - a +0 ring mail (worn)
Jewellery
 d - a +6 ring of strength (left hand)

Dungeon Overview and Level Annotations

Branches:
Dungeon (2/15)

Altars:

Annotations:
D:2 Robin


Message History

The hobgoblin hits you but does no damage.
Robin of the Strong Arm comes into view.
They are wielding a +0 club.
The goblin hits you but does no damage. The goblin completely misses you.
You shoot an arrow.
Robin shouts!
The arrow hits the goblin!
You kill the goblin!
The hobgoblin hits you. The hobgoblin barely misses you.
The goblin barely misses you.
You shoot an arrow. The arrow hits the goblin.
The goblin is moderately wounded.
The hobgoblin misses you. The goblin barely misses you.
The goblin hits you with a +0 dagger. The hobgoblin hits you.
Robin says, "Bow before me, strongest of all the hobgoblins!"
You shoot an arrow. The arrow hits the goblin.
The goblin is severely wounded.
The goblin hits you but does no damage. The hobgoblin barely misses you.
The hobgoblin closely misses you.
Robin roars a battlecry!
The goblins go into a battle-frenzy!
You shoot an arrow. The arrow hits the goblin!
You kill the goblin!
The goblin closely misses you. The goblin hits you with a +0 club.
The hobgoblin misses you.
The hobgoblin hits you but does no damage. x2
The hobgoblin hits you. The hobgoblin closely misses you.
The goblin hits you with a +0 dagger.
The hobgoblin hits you but does no damage.
Your Armour skill increases to level 1!
You shoot an arrow. The arrow closely misses the goblin.
The goblin hits you but does no damage.
The hobgoblin hits you but does no damage.
The goblin hits you with a +0 dagger. The goblin hits you but does no damage.
The hobgoblin hits you but does no damage.
The hobgoblin misses you. Robin throws the goblin at you!
You shoot an arrow. The arrow barely misses the goblin.
The goblin hits you but does no damage. x2; The hobgoblin hits you.
The hobgoblin hits you but does no damage.
The goblin hits you but does no damage. The goblin hits you with a +0 dagger.
You die...

###########
#....<....#
###gg.....#
#.g@g.)...#
#...g.ggg........
.......g#...##)##
....#.#.#..#.# #
... #..?...#.# ).
.......... #
####....## # #...


You could see Robin, 3 hobgoblins and 5 goblins.

Vanquished Creatures
  A dart slug (D:1)
  3 ball pythons (D:1)
  2 bats (D:1)
  2 endoplasms
  2 giant cockroaches (D:1)
  6 goblins
  3 hobgoblins
  A jackal (D:1)
  A kobold (D:1)
  3 rats (D:1)
24 creatures vanquished.

Notes
Turn   | Place    | Note
-------+----------+-------------------------------------------
     0 | D:1      | qw the Gargoyle Hunter began the quest for the Orb.
     0 | D:1      | Reached XP level 1. HP: 12/12 MP: 1/1
     0 | D:1      | 0 ||| qw: Version: 0.3-a-132-g3d54051
     0 | D:1      | 0 ||| qw: Game counter: 269
     0 | D:1      | 0 ||| qw: Melee chars always use a shield: true
     0 | D:1      | 0 ||| qw: God list: Okawaru
     0 | D:1      | 0 ||| qw: Allow faded altars: false
     0 | D:1      | 0 ||| qw: Do Orc after clearing Dungeon:15 true
     0 | D:1      | 0 ||| qw: Do second Lair branch before Depths: true
     0 | D:1      | 0 ||| qw: Lair rune preference: random
     0 | D:1      | 0 ||| qw: Goals: Normal
     0 | D:1      | 0 ||| PLANNING D:1-11
   236 | D:1      | Reached XP level 2. HP: 17/17 MP: 2/2
   524 | D:1      | Found a faded altar of an unknown god.
   698 | D:1      | 698 ||| UPGRADING to +0 pair of boots.
   703 | D:1      | 703 ||| UPGRADING to +0 ring mail.
   713 | D:1      | 713 ||| DROPPING +0 leather armour.
   714 | D:1      | 714 ||| UPGRADING to +6 ring of strength.
   715 | D:1      | 715 ||| READING scroll labelled ENUSEY OKIKHU.
   816 | D:1      | 816 ||| READING scroll labelled OJEARGH IL EDIRGH.
   817 | D:1      | 817 ||| READING scroll labelled DUPIESCH QONU.
   817 | D:1      | 817 ||| IDENTIFYING blue potion
   818 | D:1      | 818 ||| DROPPING scroll of butterflies.
   819 | D:1      | 819 ||| DROPPING potion of degeneration.
   851 | D:2      | Reached XP level 3. HP: 21/21 MP: 3/3
   861 | D:2      | Noticed Robin
   865 | D:2      | HP: 5/21 [goblin/+0 dagger[Robin] (1)]
   866 | D:2      | Reached skill level 1 in Armour
   867 | D:2      | HP: 2/21 [hobgoblin[Robin] (2)]
   867 | D:2      | Slain by a goblin

Levels and vault maps discovered:
D:1:      dpeg_cavernosity, layout_basic, ebering_ecumenical_altar_hall
D:2:      layout_basic, minmay_liquid_box, minmay_tetromino_t2,
          uniq_crazy_yiuf_cottage, uniq_robin

Skill      XL: |  1  2  3 |
---------------+----------+-----
Armour         | 1 |  1.0
Fighting       | |  2.1
Ranged Weapons | |  4.8
Dodging        | |  1.5
Stealth        | |  1.1

Action                     || total
---------------------------++-------
   Fire: Shortbow          ||    71
    Use: Scroll            ||     3
 Armour: Leather armour    ||    19
         Ring mail         ||    33
  Dodge: Dodged            ||    33

Table legend:
 A = Non-vault XP
 B = Vault XP
 C = Vault XP percentage of total XP
 D = Non-vault monster count
 E = Vault monster count
 F = Vault count percentage of total count
                 A         B        C        D         E       F
            +---------+---------+-------+---------+---------+-------
      Total |      29 |      16 |  35.6 |      16 |       8 |  33.3
            +---------+---------+-------+---------+---------+-------
        D:1 |      25 |       8 |  24.2 |      14 |       4 |  22.2
        D:2 |       4 |       8 |  66.7 |       2 |       4 |  66.7
            +---------+---------+-------+---------+---------+-------
